 Dungeon Crawl Stone Soup version 0.28.0 (webtiles) character file.

Game seed: 11228835662327587366

664 bande the Chopper (level 7, -7/44 HPs)
             Began as a Gargoyle Fighter on Feb 8, 2022.
             Was an Initiate of Okawaru.
             Mangled by an ice beast (11 damage)
             ... on level 4 of the Dungeon.
             The game lasted 00:09:03 (5950 turns).

bande the Chopper (Gargoyle Fighter)                Turns: 5950, Time: 00:09:04

Health: -7/44      AC: 16    Str: 19    XL:     7   Next: 57%
Magic:  7/7        EV:  7    Int:  9    God:    Okawaru [......]
Gold:   121        SH:  4    Dex: 11    Spells: 6/6 levels left

rFire   . . .      SeeInvis +   a - +0 war axe (venom)
rCold   . . .      Faith    .   c - +0 buckler
rNeg    + . .      Spirit   .   j - +0 chain mail
rPois   ∞          Reflect  .   h - +0 helmet
rElec   +          Harm     .   n - +0 cloak
rCorr   +          Rampage  .   (no gloves)
Will    .....                   (no boots)
Stlth   ..........              (no amulet)
HPRegen 0.14/turn               g - ring of see invisible
MPRegen 0.10/turn               i - ring of resist corrosion

@: no status effects
A: sickness immunity, AC +4, negative energy resistance 1, electricity
resistance, torment resistance 1, petrification resistance
a: Renounce Religion


You were on level 4 of the Dungeon.
You worshipped Okawaru.
Okawaru was noncommittal.
You visited 2 branches of the dungeon, and saw 6 of its levels.
You also visited: Sewer.

You collected 121 gold pieces.

Inventory:

Hand Weapons
 a - a +0 war axe of venom (weapon)
 q - a +0 flail
Armour
 c - a +0 buckler (worn)
 h - a +0 helmet (worn)
 j - a +0 chain mail (worn)
 n - a +0 cloak (worn)
Jewellery
 g - a ring of see invisible (left hand)
 i - a ring of resist corrosion (right hand)
Wands
 b - a wand of mindburst (10)
 l - a wand of flame (20)
Scrolls
 e - a scroll of identify
Potions
 d - 2 potions of might
 f - 3 potions of heal wounds
 k - a potion of invisibility
 m - 3 potions of haste
 o - a potion of mutation {unknown}
 p - 3 potions of magic {unknown}


   Skills:
 + Level 4.6 Fighting
 + Level 5.3 Axes
 * Level 4.5 Armour
 - Level 0.2 Dodging
 + Level 4.2 Shields
 * Level 1.0 Invocations
 * Level 2.2 Evocations


You had 6 spell levels left.
You didn't know any spells.
Your spell library contained the following spells:

 Spells                   Type           Power      Damage    Failure   Level
 Pain                     Necr           0%         1d4       99%         1
 Sting                    Tmut/Pois      0%         1d3       99%         1
 Ensorcelled Hibernation  Hex/Ice        0%         N/A       100%        2
 Passwall                 Tmut/Erth      0%         N/A       100%        2
 Poisonous Vapours        Pois/Air       0%         N/A       100%        2
 Static Discharge         Conj/Air       0%         N/A       100%        2
 Swiftness                Air            0%         N/A       100%        3
 Dispel Undead            Necr           0%         3d6       100%        4
 Olgreb's Toxic Radiance  Pois           0%         N/A       100%        4
 Sticky Flame             Conj/Fire      0%         2d3       100%        4
 Agony                    Necr           0%         N/A       100%        5
 Excruciating Wounds      Necr           0%         N/A       100%        5
 Orb of Destruction       Conj           0%         9d5       100%        7
 Summon Guardian Golem    Hex/Summ       Unusable   N/A       N/A         3
 Spellforged Servitor     Conj/Summ      Unusable   N/A       N/A         7

Dungeon Overview and Level Annotations

Branches:
Dungeon (5/15)             Temple (1/1) D:4           Sewer (visited)

Altars:
Cheibriados
Dithmenos
Fedhas
Gozag
Hepliaklqana
Nemelex Xobeh
Okawaru
Ru
Trog
Uskayaw
Vehumet
Wu Jian
Xom
Yredelemnul
The Shining One


Innate Abilities, Weirdness & Mutations

You are immune to sickness and miasma.
Your stone body is resilient. (AC +4)
You are immune to poison.
You resist negative energy. (rN+)
You are resistant to electric shocks. (rElec)
You are resistant to unholy torment.
You are immune to petrification.


Message History

You start resting.
HP restored.
There is a stone staircase leading down here.
You climb downwards.
The ice beast hits you but does no damage.
The adder zombie barely misses you.
There is a stone staircase leading up here.
The ice beast barely misses you.
The adder zombie bites you but does no damage.
The gnoll hits you but does no damage.
You climb upwards.
There is a stone staircase leading down here.
Unknown command.
You barely miss the ice beast.
The ice beast hits you but does no damage.
The ice beast hits you. The ice beast freezes you.
Unknown command.
You closely miss the ice beast. The ice beast hits you.
The ice beast freezes you!
You hit the ice beast.
The ice beast is lightly wounded.
The ice beast barely misses you.
You barely miss the ice beast.
The ice beast is lightly wounded.
The ice beast closely misses you.
The ice beast hits you but does no damage.
You hit the ice beast.
The ice beast is lightly wounded.
The ice beast hits you. The ice beast freezes you!
* * * LOW HITPOINT WARNING * * *
You hit the ice beast but do no damage.
The ice beast is lightly wounded.
You block the ice beast's attack.
You closely miss the ice beast.
The ice beast is lightly wounded.
The ice beast hits you but does no damage.
The ice beast hits you.
* * * LOW HITPOINT WARNING * * *
The ice beast freezes you!
You die...

#### #####..##
#...#..Y##
#.....)@.#
##.......##
###......####
##...#.###.#
#..)##...#.##
#####..)##......#
##..##...........#
#.......##.>..#####
##.....###......#.##


You could see an ice beast.

Vanquished Creatures
  A black bear (D:4)
  A necrophage (D:4)
  3 jellies (Sewer)
  A hound (D:4)
  An orc priest (D:2)
  Crazy Yiuf (D:3)
  An iguana (D:4)
  Natasha (thrice) (D:2)
  2 gnolls (D:4)
  6 adders
  A river rat (Sewer)
  An adder skeleton (D:2)
  4 worms
  11 orcs
  7 ball pythons
  21 endoplasms
  4 giant cockroaches
  6 goblins
  6 hobgoblins
  3 jackals (D:2)
  3 quokkas
  A bat (D:2)
  9 frilled lizards
  A jackal skeleton (D:4)
  5 kobolds
  9 rats
112 creatures vanquished.

Notes
Turn   | Place    | Note
-------+----------+-------------------------------------------
     0 | D:1      | bande the Gargoyle Fighter began the quest for the Orb.
     0 | D:1      | Reached XP level 1. HP: 14/14 MP: 1/1
    88 | D:1      | Reached XP level 2. HP: 12/19 MP: 2/2
   438 | D:1      | Found a faded altar of an unknown god.
   655 | D:2      | Reached skill level 2 in Axes
   773 | D:2      | Reached XP level 3. HP: 24/24 MP: 3/3
   865 | D:2      | Reached XP level 4. HP: 26/29 MP: 4/4
  1137 | D:2      | Noticed Natasha
  1144 | D:2      | Killed Natasha
  1145 | D:2      | Reached skill level 3 in Axes
  1300 | D:2      | Noticed Natasha
  1311 | D:2      | Killed Natasha
  1312 | D:2      | Reached XP level 5. HP: 20/33 MP: 5/5
  1539 | D:2      | Noticed Natasha
  1548 | D:2      | Killed Natasha
  1928 | D:3      | Found a glowing drain.
  1958 | Sewer    | Entered a sewer
  2816 | Sewer    | Reached skill level 1 in Evocations
  3148 | Sewer    | Reached skill level 4 in Axes
  3148 | Sewer    | Reached XP level 6. HP: 30/38 MP: 6/6
  3763 | Sewer    | Found a viscous altar of Jiyva.
  4558 | D:3      | Found a runed translucent door.
  4559 | D:3      | Noticed Crazy Yiuf
  4565 | D:3      | Killed Crazy Yiuf
  4934 | D:4      | Noticed a black bear
  4951 | D:4      | Killed a black bear
  4952 | D:4      | Reached skill level 5 in Axes
  4952 | D:4      | Reached XP level 7. HP: 40/44 MP: 7/7
  5250 | D:4      | Found a staircase to the Ecumenical Temple.
  5259 | Temple   | Entered the Ecumenical Temple
  5338 | Temple   | Became a worshipper of Warmaster Okawaru
  5538 | D:4      | Found a shimmering altar of Xom.
  5708 | D:4      | Reached skill level 1 in Invocations
  5829 | D:5      | Entered Level 5 of the Dungeon
  5950 | D:4      | Mangled by an ice beast

Illustrated notes

Levels and vault maps discovered:
D:1:      minmay_arrival_plants_in_alcoves, layout_basic,
          hellmonk_ecumenical_altar_zigzags
D:2:      layout_loops_ring, uniq_natasha
D:3:      layout_basic, cheibrodos_sewer_entry_bend, uniq_crazy_yiuf_cottage
D:4:      layout_cave_pools, xom_butterflies, minmay_temple_entry_sparse_star,
          grunt_ministairs_8
D:5:      layout_rooms, st_stairs_7, uniq_ijyb
Temple:   minmay_crystal_snake_temple

Skill      XL: |  1  2  3  4  5  6  7 |
---------------+----------------------+-----
Axes           | 2 3 4 5 |  5.3
Fighting       | 4 |  4.6
Shields        | 4 |  4.2
Evocations     | 1 2 |  2.2
Armour         | 4 |  4.5
Invocations    | 1 |  1.0
Dodging        | |  0.2

Action                   |  1- 3 |  4- 6 |  7- 9 || total
-------------------------+-------+-------+-------++-------
Melee: War axe           |    63 |   174 |    74 ||   311
  Use: Scroll            |     1 |     6 |     1 ||     8
 Stab: Sleeping          |       |     2 |       ||     2
Armor: Scale mail        |    35 |       |       ||    35
       Skin              |     1 |    32 |       ||    33
       Chain mail        |       |    23 |    51 ||    74
Dodge: Dodged            |    38 |    85 |    34 ||   157
Block: Buckler           |    13 |    36 |    13 ||    62
